 Dungeon Crawl Stone Soup version 0.24.0-13-gcf9b319 (webtiles) character file.

Game seed: 583293214690092849, levelgen mode: deterministic

60 Fang the Shield-Bearer (level 4, -3/29 HPs)
             Began as a Gargoyle Fighter on Dec 17, 2019.
             Slain by Grinder (4 damage)
             ... while paralysed by Grinder
             ... on level 3 of the Dungeon.
             The game lasted 00:03:30 (1420 turns).

Fang the Shield-Bearer (Gargoyle Fighter)           Turns: 1420, Time: 00:03:31

Health: -3/29      AC: 10    Str: 21    XL:     4   Next: 6%
Magic:  4/4        EV:  2    Int:  8    God:
Gold:   99         SH:  0    Dex:  9    Spells: 3/3 levels left

rFire    . . .     SeeInvis .   a - +0 war axe
rCold    . . .     Gourm    .   B - +1 shield
rNeg     + . .     Faith    .   b - +0 scale mail
rPois    ∞         Spirit   .   (no helmet)
rElec    +         Reflect  .   (no cloak)
rCorr    .         Harm     .   (no gloves)
MR       .....                  (no boots)
Stlth    +.........             (no amulet)
HPRegen  0.09/turn              i - ring of stealth
MPRegen  0.09/turn              (no ring)

@: paralysed
A: negative energy resistance 1, electricity resistance, unbreathing,
petrification resistance, rot immunity, AC +3
a: no special abilities


You were on level 3 of the Dungeon.
You were not hungry.

You visited 1 branch of the dungeon, and saw 3 of its levels.

You collected 99 gold pieces.

Inventory:

Hand Weapons
 a - a +0 war axe (weapon)
Armour
 b - a +0 scale mail (worn)
 B - a +1 shield (worn)
Jewellery
 i - a ring of stealth (left hand)
Scrolls
 j - 5 scrolls of teleportation {unknown}
Potions
 d - a potion of might
 e - a potion of lignification {unknown}
 g - a potion of haste {unknown}
 h - a potion of cancellation {unknown}
 k - 3 potions of agility {unknown}
Comestibles
 c - 6 rations


   Skills:
 + Level 3.8 Fighting
 + Level 2.3 Axes
 + Level 3.9 Armour
 + Level 3.9 Shields


You had 3 spell levels left.
You didn't know any spells.
Your spell library was empty.

Dungeon Overview and Level Annotations

Branches:
Dungeon (3/15)

Altars:
Kikubaaqudgha

Annotations:
D:3 Grinder


Innate Abilities, Weirdness & Mutations

You are resistant to torment.
Your stone body is resilient. (AC +3)
You are immune to poison.
You resist negative energy. (rN+)
You are resistant to electric shocks. (rElec)
You can survive without breathing.
You are immune to petrification.
You are immune to rotting.


Message History

You hit the rat.
You kill the rat!
You slash the jackal!
You kill the jackal!
You barely miss Grinder. Grinder barely misses you. Grinder gestures at you.
You suddenly lose the ability to move!
Grinder hits you.
You writhe in agony.
A bat comes into view.
Grinder hits you.
You writhe in agony.
* * * LOW HITPOINT WARNING * * *
Grinder hits you.
* * * LOW HITPOINT WARNING * * *
You writhe in agony.
* * * LOW HITPOINT WARNING * * *
Grinder hits you but does no damage. The bat hits you but does no damage.
Grinder hits you but does no damage. The bat hits you but does no damage.
The bat hits you but does no damage. x2; Grinder hits you.
You die...

#....... ...
#(.....# ....
###......##....
##..............
#...............
###...............
#....#...).5......
#..<...@†......
#..#...?b†......
#. ######....... #
#...... ......
...... .>... .....


You could see Grinder and a bat.

Vanquished Creatures
  2 oozes (D:1)
  A worm (D:2)
  2 dart slugs
  2 leopard geckos
  2 giant cockroaches
  7 goblins
  5 hobgoblins
  4 jackals (D:3)
  4 kobolds
  A ball python (D:1)
  3 bats
  2 frilled lizards
  5 rats
40 creatures vanquished.

Notes
Turn   | Place    | Note
-------+----------+-------------------------------------------
     0 | D:1      | Fang the Gargoyle Fighter began the quest for the Orb.
     0 | D:1      | Reached XP level 1. HP: 14/14 MP: 1/1
    86 | D:1      | Reached XP level 2. HP: 16/19 MP: 2/2
   118 | D:1      | Found an ancient bone altar of Kikubaaqudgha.
   392 | D:1      | Reached XP level 3. HP: 23/23 MP: 3/3
  1406 | D:3      | Noticed Grinder
  1410 | D:3      | Reached XP level 4. HP: 26/29 MP: 4/4
  1414 | D:3      | Paralysed by Grinder for 7 turns
  1417 | D:3      | HP: 1/29 [Grinder (3)]
  1420 | D:3      | Slain by Grinder

Levels and vault maps discovered:
D:1:      erik_arrival_gehennom, layout_loops_ring, kennysheep_flooded_box
D:2:      layout_basic
D:3:      layout_rooms, uniq_grinder, uniq_natasha

Skill      XL: |  1  2 |
---------------+-------+-----
Axes           | 2 |  2.3
Fighting       | |  3.8
Armour         | |  3.9
Shields        | |  3.9

Action                   |  1- 3 |  4- 6 || total
-------------------------+-------+-------++-------
Melee: War axe           |   148 |     4 ||   152
  Use: Scroll            |     2 |       ||     2
  Eat: Chunk             |     2 |       ||     2
Armor: Scale mail        |    77 |    13 ||    90
Dodge: Dodged            |    41 |     1 ||    42
Block: Shield            |    87 |     6 ||    93
